 Dungeon Crawl Stone Soup version 0.23-a0-446-g036aa52 (webtiles) character file.

3234 JeffiDaFish the Geomancer (level 9, -1/45 HPs)
             Began as a Gargoyle Earth Elementalist on Nov 18, 2018.
             Slain by a hippogriff (8 damage)
             ... on level 7 of the Dungeon.
             The game lasted 00:15:13 (6957 turns).

JeffiDaFish the Geomancer (GrEE)                    Turns: 6957, Time: 00:15:14

Health: -1/45      AC:  9    Str: 18    XL:     9   Next: 98%
Magic:  2/20       EV: 12    Int: 22    God:
Gold:   353        SH:  0    Dex: 10    Spells: 14/23 levels left

rFire    . . .     SeeInvis +   i - +6 mace (crush)
rCold    . . .     Gourm    +   (no shield)
rNeg     + . .     Faith    .   c - +1 robe
rPois    ∞         Spirit   .   (no helmet)
rElec    +         Reflect  .   (no cloak)
rCorr    .         Harm     .   (no gloves)
MR       .....                  (no boots)
Stlth    ++........             j - amulet of the gourmand
HPRegen  0.15/turn              o - ring of see invisible
MPRegen  0.17/turn              l - +4 ring of intelligence

@: mighty
A: negative energy resistance 1, electricity resistance, unbreathing,
petrification resistance, rot immunity, AC +6
a: no special abilities


You were on level 7 of the Dungeon.
You were completely stuffed.

You visited 1 branch of the dungeon, and saw 7 of its levels.

You collected 353 gold pieces.

Inventory:

Hand Weapons
 i - a +6 mace of crushing (weapon)
Missiles
 b - 76 stones (quivered)
Armour
 c - a +1 robe (worn)
Jewellery
 f - an uncursed ring of protection from cold
 j - an amulet of the gourmand (around neck)
 l - a +4 ring of intelligence (right hand)
 o - a ring of see invisible (left hand)
 p - an uncursed ring of protection from cold
Wands
 q - a wand of random effects (20)
Scrolls
 a - 7 scrolls of identify
 g - 2 scrolls of blinking
 h - 2 scrolls of remove curse
 k - a scroll of vulnerability {unknown}
 n - a scroll of teleportation
Potions
 e - 2 potions of curing
Comestibles
 d - 12 rations


   Skills:
 - Level 1.5 Dodging
 - Level 2.2 Stealth
 + Level 7.5 Spellcasting
   Level 0.7 Transmutations
 * Level 13.3 Earth Magic


You had 14 spell levels left.
You knew the following spells:

 Your Spells              Type           Power        Failure   Level  Hunger
a - Sandblast             Erth           ######       1%          1    None
b - Stone Arrow           Conj/Erth      #####.       1%          3    None
c - Lee's Rapid Deconstr  Erth           ######....   1%          5    #####..

Your spell library contained the following spells:

 Spells                   Type           Power        Failure   Level  Hunger
 Passwall                 Tmut/Erth      #####...     1%          2    None
 Petrify                  Tmut/Erth      #####...     4%          4    ###....


Dungeon Overview and Level Annotations

Branches:
Dungeon (7/15)
 Temple: D:4-7

Altars:
Dithmenos
Hepliaklqana
Kikubaaqudgha
Nemelex Xobeh
Okawaru
Trog
Xom
Zin


Innate Abilities, Weirdness & Mutations

You are resistant to torment.
Your stone body is resilient. (AC +6)
You are immune to poison.
You resist negative energy. (rN+)
You are resistant to electric shocks. (rElec)
You can survive without breathing.
You are immune to petrification.
You are immune to rotting.


Message History

The centaur hits you but does no damage.
You barely miss the hippogriff.
The hippogriff is moderately wounded.
The centaur barely misses you. The hippogriff closely misses you. x2
The hippogriff barely misses you.
You sock the hippogriff!
The hippogriff is severely wounded.
The centaur closely misses you. The hippogriff completely misses you.
The hippogriff closely misses you. The hippogriff barely misses you.
The centaur hits you but does no damage.
You barely miss the hippogriff.
The hippogriff is severely wounded.
The centaur hits you with a cursed -2 long sword.
* * * LOW HITPOINT WARNING * * *
The hippogriff barely misses you. x2
The hippogriff claws you but does no damage.
The centaur hits you with a cursed -2 long sword.
* * * LOW HITPOINT WARNING * * *
The hippogriff bites you!
You die...

#
#.).Y..........
#.
#.#.#.Y#####o..
#.. #)#.#..Y.#
a.# #...
###)..#.##Y# ..
#....
##.(()##.# .. #
#..(..##YY#..#
.# Y.
.5.....YYY..##
.# .
##..####c####
.# #@# #H# #..
..## ... ....
#... ...##


You could see a hippogriff, 5 yaks and a centaur.

Vanquished Creatures
  Harold (D:6)
  Grinder (D:3)
  A yak (D:7)
  An orc warrior (D:7)
  A sky beast (D:7)
  6 centaurs
  2 bullfrogs
  A gnoll sergeant (D:7)
  3 scorpions
  2 howler monkeys
  A centaur zombie (D:6)
  2 crimson imps
  2 orc priests
  A jelly (D:3)
  A bullfrog zombie (D:7)
  A centaur skeleton (D:4)
  5 hounds
  Jessica (D:2)
  2 bullfrog skeletons
  Terence (D:3)
  4 orc wizards
  2 iguanas (D:4)
  8 worker ants
  A hound skeleton (D:7)
  9 gnolls
  A howler monkey skeleton (D:7)
  8 adders
  2 shadow imps (D:6)
  An ooze (D:2)
  An adder zombie (D:5)
  3 worms
  4 leopard geckos
  14 orcs
  7 giant cockroaches
  3 hobgoblins (D:2)
  11 jackals
  A quokka (D:4)
  5 ball pythons
  9 bats
  6 frilled lizards
  7 goblins
  9 kobolds
  9 rats
161 creatures vanquished.

Notes
Turn   | Place    | Note
-------+----------+-------------------------------------------
     0 | D:1      | JeffiDaFish the Gargoyle Earth Elementalist began the quest
                  | for the Orb.
     0 | D:1      | Reached XP level 1. HP: 10/10 MP: 3/3
    99 | D:1      | Reached skill level 4 in Earth Magic
   117 | D:1      | Reached XP level 2. HP: 15/15 MP: 1/5
   586 | D:1      | Reached XP level 3. HP: 19/19 MP: 3/6
   920 | D:2      | Noticed Jessica
   933 | D:2      | Killed Jessica
   933 | D:2      | Reached skill level 5 in Earth Magic
   954 | D:2      | Reached XP level 4. HP: 24/24 MP: 4/8
  1241 | D:2      | Learned a level 3 spell: Stone Arrow
  1668 | D:2      | Reached XP level 5. HP: 27/28 MP: 7/9
  1804 | D:3      | Found a faded altar of an unknown god.
  1816 | D:3      | Found an iron altar of Okawaru.
  1874 | D:3      | Found a sparkling altar of Nemelex Xobeh.
  1876 | D:3      | Found a glowing silver altar of Zin.
  1877 | D:3      | Found a shimmering altar of Xom.
  1879 | D:3      | Found a hazy altar of Hepliaklqana.
  2142 | D:3      | Found an ancient bone altar of Kikubaaqudgha.
  2152 | D:3      | Reached skill level 6 in Earth Magic
  2285 | D:3      | Noticed Grinder
  2296 | D:3      | Learned a level 5 spell: Lee's Rapid Deconstruction
  2299 | D:3      | Paralysed by Grinder for 3 turns
  2355 | D:3      | Killed Grinder
  2355 | D:3      | Reached skill level 7 in Earth Magic
  2355 | D:3      | Reached XP level 6. HP: 25/32 MP: 0/11
  2668 | D:3      | Noticed Terence
  2677 | D:3      | Killed Terence
  3246 | D:4      | Reached XP level 7. HP: 36/36 MP: 8/13
  3259 | D:4      | Reached skill level 8 in Earth Magic
  3639 | D:4      | Found a bloodstained altar of Trog.
  3991 | D:4      | Found a bloodstained altar of Trog.
  4305 | D:5      | Entered Level 5 of the Dungeon
  4330 | D:5      | Reached skill level 9 in Earth Magic
  4397 | D:5      | Reached XP level 8. HP: 6/41 MP: 3/15
  4737 | D:5      | Reached skill level 5 in Spellcasting
  5290 | D:6      | Reached skill level 10 in Earth Magic
  5395 | D:6      | Found a shadowy altar of Dithmenos.
  5905 | D:6      | Reached skill level 11 in Earth Magic
  6028 | D:6      | Reached XP level 9. HP: 21/45 MP: 11/18
  6218 | D:7      | Noticed Harold
  6382 | D:6      | Killed Harold
  6382 | D:6      | Reached skill level 12 in Earth Magic
  6899 | D:7      | Reached skill level 13 in Earth Magic
  6957 | D:7      | Slain by a hippogriff

Vault maps used:
D:1:      dpeg_arrival_lava_temple_mockup, minmay_statues_item
D:2:      st_stairs_13, uniq_jessica
D:3:      nicolae_overflow_hidden_temple, minitemple,
          chequers_ecumenical_altar_simple, uniq_terence, uniq_grinder
D:4:      kennysheep_mini_moat, first_ration, bloody_trog
D:6:      nicolae_dithmenos_through_a_glass_darkly
D:7:      minmay_temple_entry_glass, serial_shops, shop,
          kennysheep_small_spiral, kennysheep_nondescript, uniq_harold

Skill      XL: |  1  2  3  4  5  6  7  8  9 |
---------------+----------------------------+-----
Earth Magic    | 4 5 7 9 11 13 | 13.3
Spellcasting   | 3 4 6 7 |  7.5
Dodging        | |  1.5
Stealth        | |  2.2
Transmutations | |  0.7

Action                   |  1- 3 |  4- 6 |  7- 9 || total
-------------------------+-------+-------+-------++-------
Melee: Short sword       |    15 |       |       ||    15
       Dagger            |     1 |    70 |       ||    71
       Mace              |       |    10 |    55 ||    65
 Cast: Sandblast         |    37 |    39 |    54 ||   130
       Stone Arrow       |       |     7 |    45 ||    52
       Lee's Rapid Decon |       |       |    17 ||    17
  Use: Scroll            |     2 |     2 |     7 ||    11
       Potion            |     1 |     4 |     4 ||     9
 Stab: Sleeping          |     3 |     4 |     3 ||    10
  Eat: Chunk             |     1 |     7 |    33 ||    41
Armor: Robe              |    11 |    26 |    51 ||    88
Dodge: Dodged            |    26 |    63 |    84 ||   173

Table legend:
 A = Non-vault XP
 B = Vault XP
 C = Vault XP percentage of total XP
 D = Non-vault monster count
 E = Vault monster count
 F = Vault count percentage of total count
                 A         B        C        D         E       F
            +---------+---------+-------+---------+---------+-------
      Total |    3315 |    1306 |  28.3 |     156 |       5 |   3.1
            +---------+---------+-------+---------+---------+-------
        D:1 |      41 |       0 |   0.0 |      28 |       0 |   0.0
        D:2 |      90 |      38 |  29.7 |      25 |       2 |   7.4
        D:3 |      79 |     308 |  79.6 |      20 |       2 |   9.1
        D:4 |     479 |       0 |   0.0 |      21 |       0 |   0.0
        D:5 |     446 |       0 |   0.0 |      13 |       0 |   0.0
        D:6 |    1085 |     960 |  46.9 |      23 |       1 |   4.2
        D:7 |    1095 |       0 |   0.0 |      26 |       0 |   0.0
            +---------+---------+-------+---------+---------+-------
